 Dungeon Crawl Stone Soup version 0.31-a0-180-g519b7de00c (webtiles) character file.

Game seed: 12121731065388874236

105 qw the Shooter (level 4, -7/40 HPs)
             Began as a Naga Hunter on June 19, 2023.
             Mangled by Grinder (9 damage)
             ... on level 3 of the Dungeon.
             The game lasted 00:00:37 (2065 turns).

qw the Shooter (Naga Hunter)                        Turns: 2065, Time: 00:00:37

Health: -7/40      AC:  3    Str: 13    XL:     4   Next: 83%
Magic:  4/4        EV: 10    Int:  9    God:
Gold:   129        SH:  0    Dex: 23    Spells: 3/3 levels left

rFire   . . .        a - +0 shortbow
rCold   . . .        (shield currently unavailable)
rNeg    . . .        c - +0 leather armour
rPois   +            (no helmet)
rElec   .            f - +0 cloak
rCorr   .            (no gloves)
SInv    +            (no barding)
Will    .....        (no amulet)
Stlth   ++           d - +6 ring of dexterity
HPRegen 0.26/turn    (no ring)
MPRegen 0.09/turn

%: no passive effects
@: very slow
A: AC +1, large, see invisible, deformed body, poison resistance, slowness 2,
spit poison 1, naga tail 1
a: Spit Poison


You were on level 3 of the Dungeon.
You visited 1 branch of the dungeon, and saw 3 of its levels.

You collected 129 gold pieces.


Innate Abilities, Weirdness & Mutations

Your serpentine skin is tough. (AC +1)
You have supernaturally acute eyesight. (SInv)
Armour fits poorly on your strangely shaped body.
Your system is resistant to poisons. (rPois)
You cover ground very slowly.
You can spit poison.
You have a snake-like lower body.


   Skills:
 + Level 2.7 Fighting
 - Level 5.1 Ranged Weapons
 - Level 1.5 Dodging
 - Level 1.5 Stealth


You had 3 spell levels left.
You didn't know any spells.
Your spell library was empty.

Inventory:

Hand Weapons
 a - a +0 shortbow (weapon)
Armour
 c - a +0 leather armour (worn)
 f - a +0 cloak (worn)
Jewellery
 d - a +6 ring of dexterity (left hand)
 h - a ring of wizardry
Scrolls
 i - a scroll of torment {unknown}
Potions
 b - a potion of might {unknown}
 e - a potion of mutation {unknown}
 g - a potion of lignification {unknown}
 j - a potion of curing {unknown}

Dungeon Overview and Level Annotations

Branches:
Dungeon (3/15)

Altars:
Cheibriados
Vehumet

Annotations:
D:3 Grinder


Message History

You shoot an arrow. The arrow closely misses Grinder.
Grinder gestures at you.
You struggle to resist.
You shoot an arrow. The arrow closely misses Grinder.
Grinder gestures at you. Pain shoots through your body! Grinder hits you!
You shoot an arrow. The arrow barely misses Grinder.
Grinder hits you!
You writhe in agony.
You shoot an arrow. The arrow closely misses Grinder.
Grinder gestures at you.
You suddenly lose the ability to move!
A ball python comes into view.
Grinder says, "There's only one good use for a tongue: cutting it out."
Grinder hits you but does no damage.
You can move again.
You shoot an arrow. The arrow barely misses Grinder.
Grinder hits you.
You shoot an arrow. The arrow hits Grinder.
Grinder is moderately wounded.
Grinder hits you but does no damage.
2062 ||| INVOKING Spit Poison.
Aiming: Spit Poison (1% risk of failure)
Press: ? - help, Shift-Dir - straight line, f - ball python, p - Grinder The splash of poison hits the ball python!
The ball python is poisoned.
You kill the ball python!
Grinder hits you but does no damage.
You shoot an arrow. The arrow hits Grinder.
Grinder is moderately wounded.
Grinder grins, showing sharp teeth.
Grinder hits you!
You writhe in agony.
You shoot an arrow.
The arrow hits Grinder but does no damage.
Grinder is moderately wounded.
You have got your breath back.
Grinder grins, showing sharp teeth.
Grinder closely misses you.
You shoot an arrow. The arrow barely misses Grinder.
Grinder hits you!
You die...

#.###############
#.#........[....#
#.#.#####.#####.#
#.#.#####.#####.#
##.#.#....[...##.#
#....#.###%##.##.####
.....#.# #.#........#
#....#.###......5####
...........#.###@#
##.#########.# #....#
#[# #.# #..#..... #+#
#. .... #.#. ## %#...
.. #. .#.. #. ...._
#. .#....


You could see Grinder.

Vanquished Creatures
  Terence (D:2)
  A gnoll (D:1)
  An adder (D:3)
  A worm (D:2)
  A dart slug (D:1)
  6 ball pythons
  7 endoplasms
  2 giant cockroaches (D:1)
  6 goblins
  5 hobgoblins
  3 jackals (D:3)
  A quokka (D:1)
  4 bats
  4 frilled lizards
  4 kobolds
  8 rats
55 creatures vanquished.

Notes
Turn   | Place    | Note
-------+----------+-------------------------------------------
     0 | D:1      | qw the Naga Hunter began the quest for the Orb.
     0 | D:1      | Reached XP level 1. HP: 19/19 MP: 1/1
     0 | D:1      | 0 ||| qw: Version: 0.3-a-7-ge0c9b40
     0 | D:1      | 0 ||| qw: Game counter: 1096
     0 | D:1      | 0 ||| qw: Always use a shield: true
     0 | D:1      | 0 ||| qw: God list: Okawaru
     0 | D:1      | 0 ||| qw: Allow faded altars: false
     0 | D:1      | 0 ||| qw: Do Orc after D:15 true
     0 | D:1      | 0 ||| qw: Do second Lair branch before Depths: true
     0 | D:1      | 0 ||| qw: Lair rune preference: random
     0 | D:1      | 0 ||| qw: Plans: Normal
     0 | D:1      | 0 ||| PLANNING D:1-11
    32 | D:1      | 32 ||| INVOKING Spit Poison.
    49 | D:1      | 49 ||| INVOKING Spit Poison.
    52 | D:1      | Reached skill level 4 in Ranged Weapons
    52 | D:1      | Reached XP level 2. HP: 26/26 MP: 2/2
    62 | D:1      | 62 ||| INVOKING Spit Poison.
    67 | D:1      | 67 ||| INVOKING Spit Poison.
   122 | D:1      | 122 ||| INVOKING Spit Poison.
   125 | D:1      | Reached XP level 3. HP: 32/32 MP: 3/3
   167 | D:1      | 167 ||| INVOKING Spit Poison.
   236 | D:1      | 236 ||| INVOKING Spit Poison.
   247 | D:1      | 247 ||| INVOKING Spit Poison.
   316 | D:1      | 316 ||| INVOKING Spit Poison.
   330 | D:1      | 330 ||| INVOKING Spit Poison.
   433 | D:1      | 433 ||| INVOKING Spit Poison.
   481 | D:1      | 481 ||| INVOKING Spit Poison.
   485 | D:1      | 485 ||| INVOKING Spit Poison.
   547 | D:1      | 547 ||| INVOKING Spit Poison.
   560 | D:1      | 560 ||| INVOKING Spit Poison.
   563 | D:1      | 563 ||| INVOKING Spit Poison.
   789 | D:1      | 789 ||| UPGRADING to +6 ring of dexterity.
   790 | D:1      | 790 ||| DROPPING scroll of butterflies.
   830 | D:2      | 830 ||| INVOKING Spit Poison.
   835 | D:2      | 835 ||| INVOKING Spit Poison.
   894 | D:2      | 894 ||| INVOKING Spit Poison.
   955 | D:2      | Noticed Terence
   958 | D:2      | 958 ||| INVOKING Spit Poison.
   964 | D:2      | 964 ||| INVOKING Spit Poison.
   970 | D:2      | 970 ||| INVOKING Spit Poison.
   971 | D:2      | Killed Terence
   972 | D:2      | Reached skill level 5 in Ranged Weapons
   972 | D:2      | Reached XP level 4. HP: 12/39 MP: 4/4
  1080 | D:2      | 1080 ||| INVOKING Spit Poison.
  1283 | D:2      | 1283 ||| INVOKING Spit Poison.
  1435 | D:2      | 1435 ||| INVOKING Spit Poison.
  1481 | D:2      | Found a snail-covered altar of Cheibriados.
  1615 | D:2      | 1615 ||| INVOKING Spit Poison.
  1786 | D:2      | 1786 ||| INVOKING Spit Poison.
  1789 | D:2      | 1789 ||| INVOKING Spit Poison.
  1812 | D:2      | 1812 ||| UPGRADING to +0 cloak.
  1823 | D:3      | 1823 ||| INVOKING Spit Poison.
  1870 | D:3      | 1870 ||| INVOKING Spit Poison.
  1875 | D:3      | 1875 ||| INVOKING Spit Poison.
  1879 | D:3      | 1879 ||| INVOKING Spit Poison.
  1885 | D:3      | 1885 ||| INVOKING Spit Poison.
  1955 | D:3      | 1955 ||| INVOKING Spit Poison.
  2028 | D:3      | 2028 ||| INVOKING Spit Poison.
  2045 | D:3      | Found a radiant altar of Vehumet.
  2045 | D:3      | Noticed Grinder
  2058 | D:3      | Paralysed by Grinder for 2 turns
  2062 | D:3      | 2062 ||| INVOKING Spit Poison.
  2063 | D:3      | HP: 4/40 [Grinder (9)]
  2063 | D:3      | HP: 1/40 [Grinder (3)]
  2065 | D:3      | Mangled by Grinder

Levels and vault maps discovered:
D:1:      sevenhm_arrival_forest_fort_large_2, layout_basic
D:2:      layout_basic, basic_altar, uniq_terence
D:3:      layout_loops_corners, nicolae_vehumet_radiance, serial_shops,
          nicolae_shop_gibbet_a_chance, uniq_grinder

Skill      XL: |  1  2  3 |
---------------+----------+-----
Ranged Weapons | 4 5 |  5.1
Fighting       | |  2.7
Dodging        | |  1.5
Stealth        | |  1.5

Action                     |  1- 3 |  4- 6 || total
---------------------------+-------+-------++-------
   Fire: Shortbow          |    54 |    46 ||   100
Ability: Spit Poison       |    22 |    14 ||    36
 Armour: Leather armour    |     4 |     8 ||    12
  Dodge: Dodged            |     6 |    10 ||    16

Table legend:
 A = Non-vault XP
 B = Vault XP
 C = Vault XP percentage of total XP
 D = Non-vault monster count
 E = Vault monster count
 F = Vault count percentage of total count
                 A         B        C        D         E       F
            +---------+---------+-------+---------+---------+-------
      Total |     115 |      36 |  23.8 |      54 |       1 |   1.8
            +---------+---------+-------+---------+---------+-------
        D:1 |      62 |       0 |   0.0 |      29 |       0 |   0.0
        D:2 |      24 |      36 |  60.0 |      15 |       1 |   6.2
        D:3 |      29 |       0 |   0.0 |      10 |       0 |   0.0
            +---------+---------+-------+---------+---------+-------
